 Dungeon Crawl Stone Soup version 0.30-a0-170-g85af917532 (webtiles) character file.

Game seed: 15528336384807689527

427 Julmuri the Chiller (level 6, -4/42 HPs)
             Began as a Barachi Ice Elementalist on Oct 1, 2022.
             Slain by a gnoll sergeant
             ... wielding a +0 spear
              (8 damage)
             ... on level 5 of the Dungeon.
             The game lasted 00:14:16 (3517 turns).

Julmuri the Chiller (Barachi Ice Elementalist)      Turns: 3517, Time: 00:14:17

Health: -4/42      AC:  2    Str:  7    XL:     6   Next: 97%
Magic:  12/13      EV: 12    Int: 15    God:
Gold:   176        SH:  0    Dex: 13    Spells: 12/14 levels left

rFire   . . .      SeeInvis +    p - +5 dagger of the King {vorpal, SInv}
rCold   . . .      Faith    .    (no shield)
rNeg    . . .      Spirit   .    a - +0 robe
rPois   .          Reflect  .    (helmet restricted)
rElec   .          Harm     .    (no cloak)
rCorr   .          Rampage  .    (no gloves)
Will    .....                    (no boots)
Stlth   ++........               (no amulet)
HPRegen 0.14/turn                (no ring)
MPRegen 0.13/turn                (no ring)

@: about to teleport, slow
A: amphibious, slowness 1, strong legs 1, +LOS, antennae 1, hooves 1, dopey 1,
weak 1
a: Hop


You were on level 5 of the Dungeon.
You visited 1 branch of the dungeon, and saw 5 of its levels.

You collected 176 gold pieces.

Inventory:

Hand Weapons
 e - a +0 falchion
 p - the +5 dagger of the King (weapon) {vorpal, SInv}
   (You found it on level 4 of the Dungeon)

   It inflicts extra damage upon your enemies.
   SInv:      It lets you see invisible.
Armour
 a - a +0 robe (worn)
 i - the +2 helmet of Patience {Harm rF++ Regen+ Str+4}
   (You found it on level 3 of the Dungeon)

   Str:       It affects your strength (+4).
   rF:        It greatly protects you from fire.
   Regen:     It increases your rate of health regeneration.
   Harm:      It increases damage dealt and taken.
Scrolls
 b - a scroll of silence {unknown}
 c - 4 scrolls of identify {unknown}
 d - a scroll of torment {unknown}
 f - a scroll of teleportation
 h - a scroll of magic mapping {unknown}
 k - a scroll of blinking {unknown}
 m - 2 scrolls of fear {unknown}
 o - a scroll of enchant armour {unknown}
 q - 2 scrolls of poison {unknown}
 r - a scroll of enchant weapon {unknown}
Potions
 g - a potion of flight {unknown}
 j - 2 potions of curing {unknown}
 l - a potion of degeneration {unknown}
 n - a potion of mutation


   Skills:
 + Level 0.4 Fighting
 + Level 0.6 Long Blades
 + Level 2.9 Dodging
 + Level 2.5 Stealth
 + Level 0.1 Unarmed Combat
 + Level 4.8 Spellcasting
 + Level 0.5 Conjurations
 + Level 7.1 Ice Magic
 + Level 1.0 Air Magic


You had 12 spell levels left.
You knew the following spells:

 Your Spells              Type           Power      Damage    Failure   Level
a - Freeze                Ice            96%        1d11      1%          1
b - Shock                 Conj/Air       20%        1d4       12%         1

Your spell library contained the following spells:

 Spells                   Type           Power      Damage    Failure   Level
 Frozen Ramparts          Ice            48%        1d8       2%          3
 Ozocubu's Armour         Ice            24%        N/A       2%          3
 Swiftness                Air            6%         N/A       32%         3
 Summon Ice Beast         Ice/Summ       14%        N/A       36%         4
 Airstrike                Air            3%         2d(1-17)  73%         4


Dungeon Overview and Level Annotations

Branches:
Dungeon (5/15)
 Temple: D:4-7

Altars:
Cheibriados
Trog
Uskayaw

Annotations:
D:5 Prince Ribbit


Innate Abilities, Weirdness & Mutations

You are amphibious.
You cover ground slowly.
You can hop short distances.
You have an extended range of vision and can be seen from far away.
You have a pair of small antennae on your head.
You have large cloven feet.
You are dopey. (Int -2)
You are weak. (Str -2)


Message History

You become entangled in the net!
You see here a throwing net.
You struggle against the net.
The gnoll sergeant hits you with a +0 spear.
You struggle against the net.
The gnoll sergeant barely misses you.
The gnoll hits you from afar with a +0 spear.
You rip the net and break free!
The gnoll sergeant barely misses you. The gnoll barely misses you.
The gnoll sergeant hits you from afar with a +0 spear.
The gnoll hits you with a +0 spear. The gnoll sergeant barely misses you.
The gnoll barely misses you. The gnoll sergeant barely misses you.
The gnoll misses you. The gnoll barely misses you.
The gnoll sergeant hits you from afar with a +0 spear.
The gnoll hits you from afar with a +0 spear.
The gnoll sergeant hits you with a +0 spear.
Casting: Freeze (safe; 1% risk of failure)
Confirm with . or Enter, or press ? or * to list all spells.
Aiming: Freeze (safe; 1% risk of failure)
Press: ? - help, Shift-Dir - straight line, f - gnoll sergeant
Aim: a gnoll sergeant, wielding a +0 spear, wearing a +0 ring mail and wearing a +0 kite shield You freeze the gnoll sergeant!
The gnoll sergeant is moderately wounded.
The gnoll sergeant hits you with a +0 spear!
* * * LOW HITPOINT WARNING * * *
The gnoll barely misses you.
Casting: Freeze (safe; 1% risk of failure)
Confirm with . or Enter, or press ? or * to list all spells.
Okay, then.
As you read the scroll labelled SEXATE NUFOEL, it crumbles to dust.
You feel strangely unstable.
It was a scroll of teleportation.
The gnoll sergeant completely misses you.
The gnoll hits you from afar with a +0 spear.
* * * LOW HITPOINT WARNING * * *
It was a potion of mutation.
You feel extremely strange. A pair of antennae grows on your head!
The +2 helmet of Patience {Harm rF++ Regen+ Str+4} falls away!
You feel weaker.
You feel stupid.
Your feet thicken and deform.
The gnoll sergeant hits you with a +0 spear!
You die...

###...#####.# ############
.g.._.....'.# #..........#
###...#####.# ##.########'#######
..#####.....###..##...##...##...#
..........####...#<.♣....♣.'..♣.>
.....<...## #.####...##...##...#
.........#####.##.#######.#######
.........#.....#..# ##.##
...........#####@## #...#
#.......#### ##g# #.♣.#
.........# #.g# #...# .........#
####.#########<##
.........###............###
.............###.g........#
.......).#................#
........###.####..........#
##.....##...# #..........#


You could see a gnoll sergeant and a gnoll.

Vanquished Creatures
  2 scorpions
  A hound (D:4)
  An orc priest (D:4)
  A jelly (D:4)
  3 iguanas
  An orc wizard (D:4)
  An adder (D:5)
  4 gnolls (D:5)
  A shadow imp (D:5)
  3 worms
  A dart slug (D:3)
  8 orcs (D:4)
  3 endoplasms
  3 giant cockroaches
  4 goblins
  6 kobolds
  A quokka (D:2)
  3 ball pythons (D:4)
  2 bats
  A frilled lizard (D:3)
  2 rats (D:3)
52 creatures vanquished.

Notes
Turn   | Place    | Note
-------+----------+-------------------------------------------
     0 | D:1      | Julmuri the Barachi Ice Elementalist began the quest for
                  | the Orb.
     0 | D:1      | Reached XP level 1. HP: 13/13 MP: 3/3
     9 | D:1      | You fall into a shaft and drop 1 floor!
   396 | D:2      | Reached XP level 2. HP: 18/19 MP: 1/5
   486 | D:2      | Reached skill level 5 in Ice Magic
   486 | D:2      | Reached XP level 3. HP: 24/24 MP: 2/6
  1240 | D:3      | Identified the +2 helmet of Patience {Harm rF++ Regen+
                  | Str+4}
  1602 | D:4      | Reached XP level 4. HP: 27/30 MP: 4/8
  1705 | D:4      | Found a glowing drain.
  1854 | D:4      | Reached XP level 5. HP: 35/35 MP: 8/10
  1983 | D:4      | Identified the +5 dagger of the King {vorpal, SInv}
  2046 | D:4      | Reached skill level 6 in Ice Magic
  2263 | D:4      | Learned a level 1 spell: Shock
  2518 | D:4      | Reached XP level 6. HP: 35/41 MP: 3/12
  2746 | D:5      | Entered Level 5 of the Dungeon
  2755 | D:5      | Found a snail-covered altar of Cheibriados.
  3030 | D:5      | Reached skill level 7 in Ice Magic
  3253 | D:5      | Noticed Prince Ribbit
  3260 | D:5      | Found a hide-covered altar of Uskayaw.
  3260 | D:5      | Found a bloodstained altar of Trog.
  3429 | D:5      | Reached skill level 1 in Air Magic
  3517 | D:5      | Gained mutation: You have a pair of small antennae on your
                  | head. [potion of mutation]
  3517 | D:5      | Gained mutation: You are weak. (Str -2) [potion of
                  | mutation]
  3517 | D:5      | Gained mutation: You are dopey. (Int -2) [potion of
                  | mutation]
  3517 | D:5      | Gained mutation: You have large cloven feet. [potion of
                  | mutation]
  3517 | D:5      | Slain by a gnoll sergeant

Illustrated notes

Levels and vault maps discovered:
D:1:      minmay_arrival_radiant_lines, layout_rooms,
          nicolae_ecumenical_lake_church, amethyst_killhole, minmay_tromino_v4_c
D:2:      layout_basic, nicolae_underground_beach
D:3:      layout_rooms
D:4:      layout_basic, cheibrodos_sewer_entry_sluice
D:5:      layout_rooms, nzn_wu_jian_council_hall,
          nicolae_overflow_hidden_temple, mainiacjoe_overflow_surrounded_room,
          temple_green, grunt_ministairs_5, minmay_door_square,
          uniq_prince_ribbit1

Skill      XL: |  1  2  3  4  5  6 |
---------------+-------------------+-----
Stealth        | 2 |  2.5
Ice Magic      | 5 6 7 |  7.1
Spellcasting   | 3 4 |  4.8
Air Magic      | 1 |  1.0
Fighting       | |  0.4
Long Blades    | |  0.6
Dodging        | |  2.9
Unarmed Combat | |  0.1
Conjurations   | |  0.5

Action                   |  1- 3 |  4- 6 || total
-------------------------+-------+-------++-------
Melee: Unarmed           |    26 |       ||    26
       Falchion          |     2 |       ||     2
       Punch             |     1 |       ||     1
 Cast: Freeze            |    32 |    62 ||    94
       Shock             |       |    44 ||    44
  Use: Potion            |       |     2 ||     2
       Scroll            |       |     1 ||     1
Armor: Robe              |    26 |    10 ||    36
Dodge: Dodged            |    49 |    46 ||    95

Table legend: (Time is in decaauts)
 A = Elapsed time spent in this place.
 B = Non-inter-level travel time spent in this place.
 C = Inter-level travel time spent in this place.
 D = Time resting spent in this place.
 E = Time spent auto-exploring this place.
 F = Levels seen in this place.
 G = Mean time per level.
                   A        B        C        D        E       F      G
               +--------+--------+--------+--------+--------+-----+--------+
         Total |   3983 |   3819 |    164 |    129 |   2732 |   5 |  796.6 |
       Dungeon |   3983 |   3819 |    164 |    129 |   2732 |   5 |  796.6 |
               +--------+--------+--------+--------+--------+-----+--------+

Top non-repeatable levels by time:
     D:4: 1535 daAuts
     D:2: 1232 daAuts
     D:5: 681 daAuts
     D:3: 523 daAuts
     D:1: 10 daAuts
